 Dungeon Crawl Stone Soup version 0.19-a0-1065-gdac414d (webtiles) character file.

81032 4thArraOfDagon the Executioner (level 15, -17/136 HPs)
             Began as a Hill Orc Fighter on Aug 3, 2016.
             Was the Champion of Makhleb.
             Killed from afar by a balrug (33 damage)
             ... with a bolt of fire
             ... summoned by the player character
             ... on level 3 of the Elven Halls.
             The game lasted 00:59:27 (10214 turns).

4thArraOfDagon the Executioner (Hill Orc Fighter)  Turns: 10214, Time: 00:59:27

Health: -17/136    AC: 38    Str: 25    XL:     15   Next: 69%
Magic:  22/22      EV:  6    Int: 11    God:    Makhleb [******]
Gold:   1666       SH:  0    Dex: 17    Spells: 4 memorised, 5 levels left

rFire  x . .     SeeInvis +     E - +2 war axe (elec)
rCold  + . .     Gourm    .     F - +15 Maxwell's patent armour {-Cast -Tele rElec MR+ rCorr}
rNeg   + . .     Faith    .     T - +0 shield {reflect}
rPois  .         Spirit   .     (helmet restricted)
rElec  +         Dismiss  .     G - +1 cloak "Vialu Owyxa" {+Blink rCorr}
rCorr  +         Reflect  +     s - +1 pair of gloves
SustAt .         Harm     +     X - +0 pair of boots of Proximity {rElec rF- rC+ MR++}
MR     ++++.     NoTele   +     i - amulet of harm
Stlth  .......... NoCast   +    d - ring of positive energy
                                a - ring of Ashenzari's Whim {Dex+5 SInv}

@: confused, liquid flames, very slightly contaminated, glowing, studying
Crossbows
A: horns 1, agile 1, blurry vision 1, clever 1, screaming 1, sturdy frame 1
a: Minor Destruction, Lesser Servant of Makhleb, Major Destruction, Greater
Servant of Makhleb, Renounce Religion, Evoke Blink


You were on level 3 of the Elven Halls.
You worshipped Makhleb.
Makhleb was exalted by your worship.
You were not hungry.

You visited 5 branches of the dungeon, and saw 24 of its levels.
You also visited: Labyrinth and Ice Cave.

You collected 2417 gold pieces.
You spent 751 gold pieces at shops.

Inventory:

Hand Weapons
 D - the +8 storm bow {elec}
   (You found it in a labyrinth)

   It charges the ammunition it shoots with electricity; occasionally upon a
   hit, such missiles may discharge and cause terrible harm.
 E - a +2 war axe of electrocution (weapon)
 O - a +0 broad axe of flaming
 S - a +0 broad axe of electrocution
Armour
 m - the +2 pair of boots of Nobility {Int+4}
   (You found it on level 4 of the Lair of Beasts)

   It affects your intelligence (+4).
 s - a +1 pair of gloves (worn)
 w - a +0 cloak
 F - the +15 Maxwell's patent armour (worn) {-Cast -Tele rElec MR+ rCorr}
   (You found it in a labyrinth)

   It insulates you from electricity.
   It affects your resistance to hostile enchantments.
   It prevents spellcasting.
   It prevents most forms of teleportation.
   It protects you from acid and corrosion.
 G - the +1 cloak "Vialu Owyxa" (worn) {+Blink rCorr}
   (You found it in a labyrinth)

   It lets you blink.
   It protects you from acid and corrosion.
 H - a +0 pair of boots of stealth
 P - the +6 ring mail of Death Resistance {rPois MR+, unknown}
   (You found it on level 6 of the Lair of Beasts)

   It protects you from poison.
   It affects your resistance to hostile enchantments.
 Q - a troll hide
 T - a +0 shield of reflection (worn)
 V - the +0 pair of boots of the Trees {Int+4}
   (You bought it in a shop on level 6 of the Dungeon)

   It affects your intelligence (+4).
 X - the +0 pair of boots of Proximity (worn) {rElec rF- rC+ MR++}
   (You bought it in a shop on level 6 of the Dungeon)

   It makes you vulnerable to fire.
   It protects you from cold.
   It insulates you from electricity.
   It affects your resistance to hostile enchantments.
Jewellery
 a - the ring of Ashenzari's Whim (left hand) {Dex+5 SInv}
   (You found it in an ice cave)

   [ring of see invisible]

   It affects your dexterity (+5).
   It lets you see invisible.
 d - a ring of positive energy (right hand)
 i - an amulet of harm (around neck)
 j - an uncursed ring of wizardry
 k - an uncursed ring of flight
 l - an uncursed ring of fire
 n - an uncursed ring of stealth
 p - an uncursed ring of protection from magic
 u - an uncursed ring of protection from cold
 x - an uncursed ring of positive energy
 C - an uncursed ring of resist corrosion
 Y - the ring "Pussell Medi" {SustAt Str+5 Slay+2, unknown}
   (You took it off a deep elf annihilator on level 3 of the Elven Halls)

   [ring of sustain attributes]

   It sustains your strength, intelligence and dexterity.
   It affects your strength (+5).
   It affects your accuracy and damage with ranged weapons and melee attacks
   (+2).
Wands
 c - a wand of iceblast (2/15)
 t - a wand of polymorph (14/24)
 y - a wand of paralysis (18/24)
 B - a wand of flame (21/48)
 L - a wand of acid (4/15)
Scrolls
 b - 5 scrolls of teleportation
 e - 2 scrolls of remove curse
 h - 2 scrolls of enchant armour
 z - a scroll of blinking
 M - a scroll of recharging
 U - a scroll of random uselessness
Potions
 q - 4 potions of lignification
 A - 2 potions of cure mutation
 I - a potion of berserk rage {unknown}
 J - a potion of cancellation
 Z - 2 potions of flight
Books
 r - a book of Battle

   Spells                             Type                      Level
   a - Infusion                       Charms                       1
   b - Shroud of Golubria             Charms/Translocation         2
   c - Song of Slaying                Charms                       2
   d - Spectral Weapon                Hexes/Charms                 3
   e - Regeneration                   Charms/Necromancy            3
 K - a manual of Crossbows
 N - a book of Burglary

   Spells                             Type                      Level
   a - Swiftness                      Charms/Air                   2
   b - Passwall                       Transmutation/Earth          2
   c - Passage of Golubria            Translocation                4
   d - Lee's Rapid Deconstruction     Earth                        5
   e - Darkness                       Hexes                        6
   f - Invisibility                   Hexes                        6
Miscellaneous
 R - a box of beasts
Comestibles
 f - 7 bread rations
 g - 2 royal jellies
 v - a beef jerky
 W - 7 meat rations


   Skills:
 + Level 13.4 Fighting
 * Level 22.8 Axes
 + Level 15.1 Armour
 - Level 3.2 Shields
 + Level 9.6 Invocations


You had 5 spell levels left.
You knew the following spells:

 Your Spells              Type           Power        Failure   Level  Hunger
a - Regeneration          Chrm/Necr      #.........   100%        3    ####...
b - Song of Slaying       Chrm           #.......     100%        2    ###....
c - Apportation           Tloc           #.........   100%        1    ##.....
d - Spectral Weapon       Hex/Chrm       #.......     100%        3    ####...


Dungeon Overview and Level Annotations

Branches:
Dungeon (12/15)            Temple (1/1) D:5            Lair (6/6) D:11
 Spider (0/4) Lair:4          Orc (2/2) D:12            Elf (3/3) Orc:2
  Swamp: Lair:2-4    Shoals: Lair:2-4     Slime: Lair:5-6

Altars:
Ashenzari
Cheibriados
Dithmenos
Elyvilon
Fedhas
Gozag
Hepliaklqana
Kikubaaqudgha
Makhleb
Nemelex Xobeh
Okawaru
Pakellas
Qazlal
Ru
Sif Muna
Trog
Uskayaw
Vehumet
Xom
Yredelemnul
The Shining One

Shops:
D:6 [   D:11 :   D:12 !   Orc:2 [[([

Portals:
Hell: Lair:6


Innate Abilities, Weirdness & Mutations

You have a pair of small horns on your head.
You are agile. (Dex +2)
Scrolls take you a little longer to read.
Your mind is acute. (Int +2)
You occasionally shout uncontrollably at your foes.
Your movements are slightly less encumbered by armour. (ER -2)


Message History

Wield which item (- for none, * to show all)? (? for menu, Esc to quit)
You hear the crackle of electricity.
E - a +2 war axe of electrocution (weapon)
The deep elf blademaster hits you but does no damage. x2
Unknown command.
It was a potion of ambrosia.
You are confused.
You feel invigorated. The balrug gestures at you. The sticky flame hits you!
You are covered in liquid flames!
The deep elf blademaster barely misses you.
The deep elf blademaster hits you but does no damage.
Unknown command.
You are covered in liquid flames!
* * * LOW HITPOINT WARNING * * *
The deep elf blademaster hits you but does no damage. x2
The balrug gestures at you. The bolt of fire hits you!
The fire burns you terribly!
You die...

#####.# ...#
#.....#####.# #.
#####........
##.######) ####.'##
#......## ##
##.......##
##.###.)2......+
##...##@)^.....##
...#.....##e)....##
......⌠.........##
...#.....##....##
##...#####+## ##.##
##


You could see a deep elf blademaster and a balrug.

Vanquished Creatures
  Kirke (Lair:4)
  Donald (Orc:2)
  2 deep elf sorcerers (Elf:3)
  2 deep elf annihilators (Elf:3)
  A deep elf demonologist (Elf:3)
  2 dire elephants (Lair:6)
  Azrael (Orc:2)
  The ghost of Situis the Blocker, a journeyman MiFi of Qazlal (IceCv)
  Snorg (D:11)
  A deep elf death mage (Elf:3)
  2 hydras
  2 ice dragons (IceCv)
  A hell beast (Lair:6)
  4 dancing weapons
  2 ogre magi
  A deep elf knight (Elf:3)
  A wizard (Lair:6)
  A deep troll (Orc:2)
  4 hill giants
  2 deep elf archers
  Pikel (D:7)
  3 orc sorcerers
  An orc knight (Orc:1)
  2 ugly things
  2 cyclopes
  6 deep elf magi
  4 black mambas
  2 elephants
  7 spiny frogs
  2 ice statues (IceCv)
  3 orange demons (Lair:6)
  2 gargoyles
  3 komodo dragons
  A centaur skeleton (D:11)
  6 rime drakes
  A hellwing (Lair:6)
  3 ice devils (Lair:6)
  3 red devils (Lair:6)
  11 trolls
  2 polar bears
  A jumping spider (Lair:4)
  8 two-headed ogres
  10 blink frogs
  2 redbacks (Lair:4)
  A vampire (D:9)
  2 wyverns
  2 wraiths
  5 fire elementals
  4 water elementals
  3 basilisks
  6 hogs (Lair:4)
  40 yaks
  A hungry ghost (D:12)
  Grum (Lair:1)
  3 hippogriffs
  A steam dragon (D:9)
  2 wargs
  6 water moccasins
  3 hell hounds (Orc:2)
  8 porcupines
  15 orc warriors
  A swamp drake (D:8)
  15 ice beasts
  6 sky beasts
  2 slaves (D:7)
  A wasp (D:8)
  A black bear (D:10)
  An eye of draining (D:10)
  A tengu (D:9)
  2 phantoms (D:7)
  A boggart (D:7)
  3 necrophages
  14 wolves
  22 ogres
  13 centaurs
  9 crocodiles
  8 big kobolds
  9 giant frogs
  7 gnoll sergeants
  2 earth elementals (Elf:3)
  A wyvern zombie (D:11)
  4 scorpions
  4 howler monkeys
  A wight (D:9)
  3 crimson imps
  A lava snake (Lair:6)
  2 centaur zombies
  2 quasits
  4 jellies
  A giant frog skeleton (D:9)
  7 orc priests
  3 hounds
  18 orc wizards
  4 iguanas
  7 worker ants
  7 sheep
  A worker ant zombie (D:5)
  9 gnolls
  9 adders
  43 river rats
  4 shadow imps
  12 white imps (Lair:3)
  2 oozes (D:8)
  An adder zombie (D:9)
  A worm (D:4)
  A dart slug (D:1)
  3 giant geckos
  60 orcs
  2 ball pythons
  5 giant cockroaches
  3 goblins
  3 hobgoblins (D:3)
  4 jackals
  4 quokkas
  A bat (D:2)
  2 giant newts
  10 kobolds
  A quokka zombie (D:6)
  A rat (D:3)
  4 bushes (D:11)
  2 plants (Lair:4)
597 creatures vanquished.

Vanquished Creatures (collateral kills)
  Bai Suzhen (Elf:3)
  Asterion (Elf:1)
  A deep elf blademaster (Elf:3)
  A deep elf elementalist (Elf:3)
  A minotaur (Lab)
  A hydra (D:12)
  A dancing weapon (Elf:3)
  An iron troll (Orc:2)
  A cyclops (Orc:2)
  A troll (Orc:2)
  A yak (D:11)
  A warg (D:9)
  A hungry ghost (D:9)
  A hell hound (Orc:2)
  An orc warrior (Orc:2)
  3 ogres
  A killer bee (D:9)
  A crimson imp (D:9)
  A jelly (D:9)
  An orc priest (D:11)
  An iguana (D:9)
  A worker ant (D:9)
24 creatures vanquished.

Vanquished Creatures (others)
  An orc (Orc:2)
  12 bushes (D:11)
  2 fungi (Lair:6)
  A plant (Lair:6)
16 creatures vanquished.

Grand Total: 637 creatures vanquished

Notes
Turn   | Place    | Note
-------+----------+-------------------------------------------
     0 | D:1      | 4thArraOfDagon the Hill Orc Fighter began the quest for the Orb.
     0 | D:1      | Reached XP level 1. HP: 19/19 MP: 1/1
    18 | D:1      | Reached skill level 3 in Axes
    35 | D:1      | You fall through a shaft!
   109 | D:2      | Reached XP level 2. HP: 12/26 MP: 2/2
   244 | D:2      | Found a sacrificial altar of Ru.
   250 | D:2      | Reached skill level 4 in Axes
   250 | D:2      | Reached XP level 3. HP: 18/31 MP: 3/3
   380 | D:5      | Entered Level 5 of the Dungeon
   406 | D:5      | Found a hide-covered altar of Uskayaw.
   460 | D:5      | Noticed an ogre
   650 | D:4      | Reached XP level 4. HP: 29/39 MP: 4/4
   720 | D:4      | Reached skill level 5 in Axes
   832 | D:5      | Found a staircase to the Ecumenical Temple.
   839 | Temple   | Entered the Ecumenical Temple
   886 | Temple   | Became a worshipper of Makhleb the Destroyer
   929 | D:5      | Reached XP level 5. HP: 36/45 MP: 5/5
   975 | D:5      | Reached skill level 6 in Axes
  1141 | D:6      | Found Igivant Sywa's Antique Armour Shop.
  1144 | D:6      | Bought a pair of runed gloves for 112 gold pieces
  1227 | D:7      | Reached skill level 5 in Armour
  1227 | D:7      | Reached XP level 6. HP: 49/51 MP: 6/6
  1310 | D:7      | Noticed Pikel
  1310 | D:7      | Noticed a slave
  1310 | D:7      | Noticed a slave
  1310 | D:7      | Noticed a slave
  1311 | D:7      | Noticed a slave
  1320 | D:7      | Killed a slave
  1329 | D:7      | Reached * piety under Makhleb
  1329 | D:7      | Reached skill level 7 in Axes
  1331 | D:7      | Killed a slave
  1336 | D:7      | Killed Pikel
  1336 | D:7      | Reached skill level 9 in Axes
  1336 | D:7      | Reached XP level 7. HP: 16/57 MP: 7/7
  1375 | D:7      | Learned a level 3 spell: Regeneration
  1378 | D:7      | Learned a level 2 spell: Song of Slaying
  1578 | D:7      | Found a runed door.
  1582 | D:7      | Noticed Crazy Yiuf
  1583 | D:7      | Noticed Crazy Yiuf
  1583 | D:7      | Crazy Yiuf changed into Crazy Yiuf the boggart
  1597 | D:7      | Killed Crazy Yiuf the boggart
  1597 | D:7      | Reached XP level 8. HP: 64/64 MP: 8/8
  1631 | D:7      | Reached skill level 10 in Axes
  1753 | D:8      | HP: 1/64 [sky beast (7)]
  1754 | D:8      | Reached skill level 11 in Axes
  2141 | D:8      | Noticed a wraith
  2185 | D:8      | Noticed an eight-headed hydra
  2330 | D:7      | Reached XP level 9. HP: 54/70 MP: 9/9
  2366 | D:7      | Reached skill level 12 in Axes
  2538 | D:4      | Reached ** piety under Makhleb
  2825 | D:5      | Reached skill level 1 in Invocations
  2871 | D:5      | Gained mutation: You are agile. (Dex +2) [mutagenic meat]
  3339 | D:8      | Reached skill level 13 in Axes
  3413 | D:8      | Gained mutation: You occasionally shout uncontrollably at your foes. [mutagenic meat]
  3416 | D:8      | Gained mutation: Your movements are slightly less encumbered by armour. (ER -2) [mutagenic meat]
  3419 | D:8      | Gained mutation: Scrolls take you a little longer to read. [mutagenic meat]
  3422 | D:8      | Gained mutation: You have a pair of small horns on your head. [mutagenic meat]
  3428 | D:8      | Gained mutation: Your mind is acute. (Int +2) [mutagenic meat]
  3441 | D:9      | Noticed a gargoyle
  3541 | D:9      | Reached *** piety under Makhleb
  3576 | D:9      | Reached XP level 10. HP: 22/77 MP: 13/13
  3613 | D:9      | Reached skill level 14 in Axes
  4158 | D:10     | Entered Level 10 of the Dungeon
  4158 | D:10     | Noticed Psyche
  4160 | D:10     | Noticed Psyche
  4160 | D:10     | Psyche changed into Psyche the sky beast
  4180 | D:9      | Killed Psyche the sky beast
  4204 | D:10     | Found an ancient bone altar of Kikubaaqudgha.
  4268 | D:9      | Reached skill level 15 in Axes
  4268 | D:9      | Reached skill level 10 in Armour
  4270 | D:9      | Reached **** piety under Makhleb
  4446 | D:11     | Found Howoill's Book Shop.
  4505 | D:11     | Found a labyrinth entrance.
  4525 | Lab      | Entered a labyrinth
  4748 | Lab      | Noticed a minotaur
  4766 | Lab      | Killed a minotaur
  4790 | Lab      | Got an ancient cloak
  4790 | Lab      | Identified the Disquisition on Transmigration (You found it in a labyrinth)
  4806 | Lab      | Identified the +1 cloak "Vialu Owyxa" {+Blink rCorr} (You found it in a labyrinth)
  4921 | D:11     | Noticed a cyan ugly thing
  4931 | D:11     | Reached skill level 5 in Fighting
  4931 | D:11     | Reached XP level 11. HP: 86/86 MP: 14/14
  4952 | D:11     | Killed a cyan ugly thing
  4952 | D:11     | Reached skill level 16 in Axes
  5045 | D:11     | Noticed Snorg
  5065 | D:11     | Killed Snorg
  5130 | D:12     | Noticed a hill giant
  5139 | D:12     | Killed a hill giant
  5195 | D:12     | Noticed a deep elf mage
  5197 | D:12     | Found a staircase to the Orcish Mines.
  5206 | D:12     | Killed a deep elf mage
  5224 | D:12     | Reached skill level 17 in Axes
  5287 | D:12     | Found Waeruni's Distillery.
  5311 | D:12     | Noticed a six-headed hydra
  5332 | D:12     | Killed a six-headed hydra
  5433 | D:12     | Reached ***** piety under Makhleb
  5447 | D:12     | Reached XP level 12. HP: 100/100 MP: 15/15
  5649 | Orc:1    | Entered Level 1 of the Orcish Mines
  5708 | Orc:1    | Reached skill level 18 in Axes
  5873 | Orc:2    | Entered Level 2 of the Orcish Mines
  5873 | Orc:2    | Found a staircase to the Elven Halls.
  5878 | Orc:2    | Noticed Donald
  5891 | Orc:2    | Killed Donald
  5955 | Orc:2    | Noticed an iron troll
  5962 | Orc:2    | Noticed an ogre mage
  6009 | Orc:2    | Reached skill level 19 in Axes
  6015 | Orc:1    | Killed an ogre mage
  6075 | Orc:2    | Reached XP level 13. HP: 94/111 MP: 16/16
  6095 | Orc:2    | Noticed Sonja
  6097 | Orc:2    | Noticed Sonja
  6097 | Orc:2    | Sonja changed into Sonja the crocodile
  6108 | Orc:2    | Killed Sonja the crocodile
  6119 | Orc:2    | Reached ****** piety under Makhleb
  6143 | Orc:2    | Found Eqidota's Weapon Shop.
  6145 | Orc:2    | Found Qihublef's Antique Armour Emporium.
  6152 | Orc:2    | Reached skill level 10 in Fighting
  6163 | Orc:2    | Found Vularoff's Antique Armour Emporium.
  6163 | Orc:2    | Found Tupt's Armour Shoppe.
  6316 | Orc:2    | Noticed Azrael
  6357 | Orc:2    | Killed Azrael
  6505 | Orc:2    | Bought a +0 broad axe of flaming for 165 gold pieces
  6657 | D:9      | Reached skill level 20 in Axes
  7012 | D:6      | Bought a pair of smoking boots for 237 gold pieces
  7012 | D:6      | Bought a pair of slimy boots for 237 gold pieces
  7022 | D:6      | Identified the +0 pair of boots of the Trees {Int+4} (You bought it in a shop on level 6 of the Dungeon)
  7032 | D:6      | Identified the cursed +0 pair of boots of Proximity {rElec rF- rC+ MR++} (You bought it in a shop on level 6 of the Dungeon)
  7153 | D:11     | Found a staircase to the Lair.
  7158 | Lair:1   | Entered Level 1 of the Lair of Beasts
  7158 | Lair:1   | Noticed Grum
  7165 | Lair:1   | Killed Grum
  7406 | Lair:2   | Learned a level 1 spell: Apportation
  7412 | Lair:2   | Learned a level 3 spell: Spectral Weapon
  7554 | Lair:3   | Found a frozen archway.
  7579 | IceCv    | Entered an ice cave
  7650 | IceCv    | Noticed Situis's ghost (journeyman MiFi)
  7677 | IceCv    | Killed Situis's ghost
  7703 | IceCv    | Noticed an ice dragon
  7704 | IceCv    | Noticed an ice dragon
  7715 | IceCv    | Killed an ice dragon
  7719 | IceCv    | Killed an ice dragon
  7719 | IceCv    | Reached XP level 14. HP: 123/124 MP: 17/17
  7775 | IceCv    | Got a glittering ivory ring
  7785 | IceCv    | Got a pitted platinum ring
  7789 | IceCv    | Identified the cursed ring of Linearity {rElec Str-3} (You found it in an ice cave)
  7791 | IceCv    | Identified the ring of Ashenzari's Whim {Dex+5 SInv} (You found it in an ice cave)
  8058 | Lair:3   | Reached skill level 21 in Axes
  8095 | Lair:3   | Reached skill level 5 in Invocations
  8171 | Lair:4   | Got a pair of steaming boots
  8180 | Lair:4   | Identified the +2 pair of boots of Nobility {Int+4} (You found it on level 4 of the Lair of Beasts)
  8269 | Lair:4   | Found a hole to the Spider Nest.
  8273 | Lair:4   | Noticed Kirke
  8285 | Lair:4   | Killed Kirke
  8405 | Lair:6   | Entered Level 6 of the Lair of Beasts
  8501 | Lair:6   | Noticed a dire elephant
  8515 | Lair:6   | Killed a dire elephant
  8552 | Lair:6   | Noticed a dire elephant
  8565 | Lair:6   | Killed a dire elephant
  8577 | Lair:6   | Found a burning altar of Makhleb.
  8670 | Lair:6   | Found a gateway to Hell.
  8856 | Lair:6   | Got a bronze ring mail
  9187 | Lair:3   | Reached skill level 22 in Axes
  9272 | Lair:2   | Reached XP level 15. HP: 134/134 MP: 21/21
  9505 | Elf:1    | Entered Level 1 of the Elven Halls
  9585 | Elf:1    | Noticed Asterion
  9600 | Elf:1    | HP: 1/134 [green death/bolt of poison[Asterion] (19)]
  9605 | Elf:1    | HP: 4/134 [poisoned by a green death (poison arrow)]
  9606 | Elf:1    | Killed Asterion
  9610 | Elf:1    | HP: 2/134 [poisoned by a green death (poison arrow)]
  9615 | Elf:1    | HP: 2/134 [poisoned by a green death (poison arrow)]
  9621 | Elf:1    | HP: 2/134 [poisoned by a green death (poison arrow)]
  9627 | Elf:1    | HP: 3/134 [poisoned by a green death (poison arrow)]
  9898 | Elf:3    | Entered Level 3 of the Elven Halls
  9955 | Elf:3    | Noticed a deep elf sorcerer
  9961 | Elf:3    | Noticed Bai Suzhen
  9965 | Elf:3    | Killed a deep elf sorcerer
  9992 | Elf:3    | Killed Bai Suzhen
 10131 | Elf:3    | Noticed a deep elf blademaster
 10150 | Elf:3    | Noticed a deep elf sorcerer
 10152 | Elf:3    | Killed a deep elf blademaster
 10152 | Elf:3    | Reached skill level 15 in Armour
 10153 | Elf:3    | Killed a deep elf sorcerer
 10175 | Elf:3    | Noticed a deep elf elementalist
 10180 | Elf:3    | Killed a deep elf elementalist
 10181 | Elf:3    | HP: 1/136 [deep elf annihilator/crystal spear (81)]
 10189 | Elf:3    | Got a clouded tin ring
 10193 | Elf:3    | what is this
 10211 | Elf:3    | Noticed a deep elf blademaster
 10211 | Elf:3    | Noticed a balrug
 10214 | Elf:3    | Killed from afar by a balrug

Vault maps used:
D:1:      grunt_arrival_crossed_arrows
D:2:      hangedman_ru_absence
D:3:      gup_sewer_entry_spiral, first_bread, corner_web_ring, st_stairs_12,
          minivault_24
D:5:      basic_altar, minmay_door_square, lemuel_another_geyser
D:6:      serial_shops, shop
D:7:      uniq_crazy_yiuf_cottage, uniq_pikel
D:8:      hangedman_ranch
D:9:      hangedman_cross_cluster
D:10:     basic_altar, uniq_psyche
D:11:     lair_0_dummy, serial_shops, kennysheep_mini_moat, lab_entry_generic,
          minmay_hedge_maze, minmay_misc_feat_tiny, uniq_snorg
D:12:     kennysheep_orc_monster_closet_entryway, serial_shops,
          nicolae_shop_behind_doors, basic_altar, roderic_lattice_a
Temple:   compressed_dpeg_triangle_lava_temple
Lair:1:   minmay_lair_oklob_chamber, st_stairs_4, grunt_forest_large_clearings,
          grunt_megastairs_1, serial_bayou_shore_b, uniq_grum
Lair:2:   shoals_dummy_entry
Lair:3:   portal_ice_cave_entry_imps, lemuel_centaur_altar
Lair:4:   beast_lair_carwin_large_1, spider_nest_entry_a, uniq_kirke
Lair:6:   evil_forest, dpeg_slime_entry_corner, minivault_11,
          grunt_megastairs_3, lemuel_fruit_tree
Orc:2:    st_orc_open, uniq_sonja, uniq_donald, uniq_azrael
Elf:1:    eino_elf_arrival_sip, hangedman_elf_represent, grunt_ministairs_6,
          nicolae_elf_glass_and_crystal_pillar_1, uniq_asterion
Elf:2:    serial_shops, shop_coins, shop, minmay_elf_sorcery
Elf:3:    grunt_elf_hall_diamonds, minivault_14, st_stairs_13,
          basic_stair_grate_trap, uniq_bai_suzhen
Lab:      labyrinth_mini_lab
IceCv:    ice_cave_small_dragons

Skill      XL: |  1  2  3  4  5  6  7  8  9 10 11 12 13 14 15 |
---------------+----------------------------------------------+-----
Axes           | 3 4 5 6 9 11 13 15 17 19 20 22 | 22.8
Armour         | 4 5 6 7 9 10 11 12 13 14 15 | 15.1
Invocations    | 4 8 9 |  9.6
Fighting       | 5 7 9 11 12 13 | 13.4
Shields        | |  3.2

Action                   |  1- 3 |  4- 6 |  7- 9 | 10-12 | 13-15 || total
-------------------------+-------+-------+-------+-------+-------++-------
Melee: War axe           |    70 |    85 |   304 |   441 |       ||   900
       Unarmed           |       |    25 |     5 |     8 |       ||    38
       Headbutt          |       |       |     7 |   116 |   169 ||   292
       Broad axe         |       |       |       |    73 |   756 ||   829
 Fire: Blowgun           |       |       |       |       |     1 ||     1
Throw: Throwing net      |       |       |       |       |     2 ||     2
Invok: Lesser Servant of |       |       |     1 |    21 |    13 ||    35
       Greater Servant o |       |       |       |       |     2 ||     2
Evoke: Wand              |       |     1 |    19 |    18 |     1 ||    39
  Use: Scroll            |       |       |    13 |     4 |    11 ||    28
       Potion            |       |       |     5 |     2 |     9 ||    16
 Stab: Confused          |       |     1 |       |       |       ||     1
       Distracted        |       |       |     1 |     2 |     6 ||     9
  Eat: Chunk             |       |     1 |    10 |     9 |     8 ||    28
       Beef jerky        |       |       |     1 |     1 |       ||     2
       Meat ration       |       |       |     1 |       |       ||     1
       Pizza             |       |       |       |     1 |       ||     1
       Royal jelly       |       |       |       |       |     1 ||     1
       Fruit             |       |       |       |       |     9 ||     9
Armor: Scale mail        |    31 |       |       |       |       ||    31
       Chain mail        |    17 |    54 |    37 |       |       ||   108
       Skin              |       |     5 |       |       |       ||     5
       Plate armour      |       |       |   165 |   361 |   471 ||   997
Dodge: Dodged            |    15 |    31 |    46 |   101 |   118 ||   311
Block: Shield            |    56 |    59 |   135 |   236 |   303 ||   789
       Reflection        |       |       |       |       |    10 ||    10
